 Dungeon Crawl Stone Soup version 0.29-a0-286-g41199d4a87 (webtiles) character file.

Game seed: 9357491541368396493

32 Hatoko69 the Slasher (level 3, 0/29 HPs)
             Began as a Human Cinder Acolyte on Mar 16, 2022.
             Was a High Priest of Ignis.
             Succumbed to an adder's poison
             ... on level 2 of the Dungeon.
             The game lasted 00:13:35 (1120 turns).

Hatoko69 the Slasher (Human Cinder Acolyte)         Turns: 1120, Time: 00:13:36

Health: 0/29       AC:  2    Str: 14    XL:     3   Next: 45%
Magic:  1/5        EV: 11    Int: 16    God:    Ignis [*****.]
Gold:   67         SH:  0    Dex:  8    Spells: 3/5 levels left

rFire   + . .      SeeInvis .   a - -1 falchion (flame)
rCold   . . .      Faith    .   (no shield)
rNeg    . . .      Spirit   .   b - +0 robe
rPois   .          Reflect  .   (helmet restricted)
rElec   .          Harm     .   (no cloak)
rCorr   .          Rampage  .   (no gloves)
Will    .....                   (no boots)
Stlth   +.........              (no amulet)
HPRegen 0.09/turn               (no ring)
MPRegen 0.09/turn               (no ring)

@: lethally poisoned (0 -> -9), about to teleport
A: horns 1, inability to read while threatened
a: Renounce Religion, Fiery Armour, Foxfire Swarm, Rising Flame


You were on level 2 of the Dungeon.
You worshipped Ignis.
Ignis was extremely pleased with you.
You visited 1 branch of the dungeon, and saw 2 of its levels.

You collected 67 gold pieces.

Inventory:

Hand Weapons
 a - a -1 falchion of flaming (weapon)
 d - a +0 club
 f - a +0 whip
 j - a +0 club
 l - a +0 spear
 m - a +0 dagger
 n - a +0 dagger
Missiles
 g - 15 stones (quivered)
Armour
 b - a +0 robe (worn)
 e - a +0 ring mail
 k - a +0 leather armour
 o - a +0 ring mail
Scrolls
 r - a scroll of enchant weapon {unknown}
Potions
 c - 2 potions of attraction {unknown}
 h - a potion of haste {unknown}
 i - a potion of curing {unknown}
 q - a potion of cancellation {unknown}


   Skills:
 + Level 3.3 Fighting
 + Level 3.3 Long Blades
 + Level 1.5 Spellcasting
 + Level 3.3 Fire Magic


You had 3 spell levels left.
You knew the following spells:

 Your Spells              Type           Power      Damage    Failure   Level
a - Scorch                Fire           22%        2d6       9%          2

Your spell library contained the following spells:

 Spells                   Type           Power      Damage    Failure   Level
 Static Discharge         Conj/Air       1%         N/A       32%         2
 Lightning Bolt           Conj/Air       0%         1d11      99%         5
 Maxwell's Capacitive Co  Air            0%         ∞         100%        8


Dungeon Overview and Level Annotations

Branches:
Dungeon (2/15)

Altars:

Shops:
D:2 !


Innate Abilities, Weirdness & Mutations

You have a pair of small horns on your head.
You sometimes lose the ability to read scrolls when taking damage.


Message History

The worm is lightly wounded.
The adder bites you.
You feel threatened and lose the ability to read scrolls!
The worm barely misses you. The adder closely misses you.
You barely miss the worm.
The worm is lightly wounded.
The adder is no longer more vulnerable to fire.
The adder bites you.
You are poisoned.
The adder poisons you! The adder attacks as you move away!
The adder closely misses you.
You feel sick.
Casting: Scorch (safe; 9% risk of failure)
Confirm with . or Enter, or press ? or * to list all spells.
Flames lash the worm.
The worm is lightly wounded.
The worm's fire resistance burns away.
You feel sick. The adder closely misses you. The adder bites you.
You are more poisoned.
The adder poisons you! The worm barely misses you.
Throw: 16 stones
Press: ? - help, Q - select action, (/) - cycle Shift-Dir - straight line, p - worm You throw a stone.
You feel sick. The adder closely misses you.
The adder attacks as you move away! The adder barely misses you.
You can read scrolls again.
You feel sick.
As you read the scroll of teleportation, it crumbles to dust.
You feel strangely unstable.
You feel sick.
The worm is no longer more vulnerable to fire.
The adder bites you but does no damage. The adder bites you.
* * * LOW HITPOINT WARNING * * *
You feel sick. The adder bites you.
* * * LOW HITPOINT WARNING * * *
You are lethally poisoned!
The adder poisons you!
You see here 2 fizzy cyan potions.
* * * LOW HITPOINT WARNING * * *
You feel sick.
You die...

.........# g#.######
.........# #.....#(#
.........# #..#
...$.....# ##.#
.........# ##.#
.........#########†(##
.....................#
.....w............w..#
.#.##...........@.S..#
##.##.............(..#
#.##......###########
#...........
##.............
....).#..........
##...(#..........
#....#(.........
##....#..........


You could see a worm and an adder.

Vanquished Creatures
  3 dart slugs
  5 ball pythons
  2 endoplasms
  3 goblins
  4 hobgoblins
  2 bats (D:1)
  2 frilled lizards
  4 kobolds
  A rat (D:1)
26 creatures vanquished.

Notes
Turn   | Place    | Note
-------+----------+-------------------------------------------
     0 | D:1      | Hatoko69 the Human Cinder Acolyte began the quest for the
                  | Orb.
     0 | D:1      | Reached XP level 1. HP: 18/18 MP: 2/2
   189 | D:1      | Reached XP level 2. HP: 21/24 MP: 3/3
   486 | D:1      | Learned a level 2 spell: Scorch
   542 | D:1      | Gained mutation: You possess an exceptional clarity of
                  | mind. [potion of mutation]
   542 | D:1      | Gained mutation: You are occasionally teleported next to
                  | monsters. [potion of mutation]
   542 | D:1      | Gained mutation: You are partially covered in iridescent
                  | scales. (AC +2) [potion of mutation]
   543 | D:1      | Lost mutation: You are occasionally teleported next to
                  | monsters. [potion of mutation]
   543 | D:1      | Lost mutation: You are partially covered in iridescent
                  | scales. (AC +2) [potion of mutation]
   543 | D:1      | Lost mutation: You possess an exceptional clarity of mind.
                  | [potion of mutation]
   543 | D:1      | Gained mutation: You sometimes lose the ability to read
                  | scrolls when taking damage. [potion of mutation]
   543 | D:1      | Gained mutation: You have a pair of small horns on your
                  | head. [potion of mutation]
   846 | D:2      | Reached XP level 3. HP: 23/29 MP: 2/5
  1030 | D:2      | Found Mequneba's Distillery.
  1119 | D:2      | HP: 1/29 [poisoned by an adder]
  1120 | D:2      | Succumbed to an adder's poison

Illustrated notes

Levels and vault maps discovered:
D:1:      shiori_arrival_elements, layout_basic, roderic_lattice_a
D:2:      minmay_angry_zag, layout_basic, serial_shops, nicolae_shop_trees,
          grunt_ministairs_10

Action                   || total
-------------------------++-------
Melee: Falchion          ||    55
       Headbutt          ||     5
       Punch             ||     1
Throw: Stone             ||     9
 Cast: Scorch            ||     9
Invok: Fiery Armour      ||     2
  Use: Scroll            ||     3
       Potion            ||     2
Armor: Robe              ||    11
Dodge: Dodged            ||    40

Table legend: (Time is in decaauts)
 A = Elapsed time spent in this place.
 B = Non-inter-level travel time spent in this place.
 C = Inter-level travel time spent in this place.
 D = Time resting spent in this place.
 E = Time spent auto-exploring this place.
 F = Levels seen in this place.
 G = Mean time per level.
                   A        B        C        D        E       F      G
               +--------+--------+--------+--------+--------+-----+--------+
         Total |   1129 |    685 |    444 |    398 |     18 |   2 |  564.5 |
       Dungeon |   1129 |    685 |    444 |    398 |     18 |   2 |  564.5 |
               +--------+--------+--------+--------+--------+-----+--------+

Top non-repeatable levels by time:
     D:1: 853 daAuts
     D:2: 276 daAuts
